 Dungeon Crawl Stone Soup version 0.31-a0-664-g902f515a81 (webtiles) character file.

Game seed: 10767849177649085841

24551 DocEon the Mimic (level 12, -28/156 HPs)
             Began as a Green Draconian Shapeshifter on Sept 3, 2023.
             Was a High Priest of Qazlal.
             Annihilated by Rupert
             ... wielding a +2 great mace of protection
              (106 damage)
             ... on level 3 of the Lair of Beasts.
             The game lasted 00:18:40 (13715 turns).

DocEon the Mimic (Green Draconian Shapeshifter)    Turns: 13715, Time: 00:18:41

Health: -28/156    AC: 29    Str: 16    XL:     12   Next: 81%
Magic:  18/18      EV:  2    Int: 14    God:    Qazlal [*****.]
Gold:   656        SH:  0    Dex: 13    Spells: 10/11 levels left

rFire   . .          .
                       - Unarmed
rCold   + + .        (no shield)
rNeg    . . .        (body armour unavailable)
rPois   +            (helmet currently unavailable)
rElec   .            (cloak currently unavailable)
rCorr   .            (gloves currently unavailable)
SInv    .            (boots currently unavailable)
Will    +....        (no amulet)
Stlth   +            s - +5 ring of evasion
HPRegen 0.46/turn    h - ring of Modell {rC++ Will+ Slay+2}
MPRegen 0.16/turn

%: repel missiles
@: tree-form, sleeping, protected from physical damage
A: stationary, stasis, torment immunity, boosted hp, (breathe noxious fumes), AC
+8, unfitting armour, (poison resistance), (cold-blooded)
a: Renounce Religion, Upheaval, Elemental Force, Disaster Area


You were on level 3 of the Lair of Beasts.
You worshipped Qazlal.
Qazlal was extremely pleased with you.
You were a tree.
You visited 2 branches of the dungeon, and saw 15 of its levels.
You also visited: Sewer.

You collected 772 gold pieces.
You spent 116 gold pieces at shops.

Inventory:

Missiles
 l - 4 curare-tipped darts (quivered)
Jewellery
 h - the ring of Modell (right branch) {rC++ Will+ Slay+2}
   (You acquired it on level 7 of the Dungeon)

   [ring of willpower]

   Slay+2:    It affects your accuracy & damage with ranged weapons and melee
   (+2).
   rC++:      It greatly protects you from cold.
   Will+:     It increases your willpower.
 s - a +5 ring of evasion (left branch)
 G - a +6 ring of intelligence
Talismans
 b - a beast talisman
 c - a flux talisman
 g - a maw talisman
Wands
 a - a wand of flame (5)
 f - a wand of roots (13)
 k - a wand of digging (11)
 m - a wand of mindburst (16)
 C - a wand of paralysis (12)
 D - a wand of acid (5)
Scrolls
 o - 2 scrolls of teleportation
 t - 2 scrolls of amnesia
 u - 3 scrolls of identify
 v - 2 scrolls of fog
 x - a scroll of revelation
 y - a scroll of poison
 F - a scroll of blinking
Potions
 d - 7 potions of curing
 e - 2 potions of attraction
 i - a potion of heal wounds
 j - a potion of enlightenment
 n - 4 potions of brilliance
 p - 2 potions of resistance
 q - 3 potions of haste
 r - a potion of invisibility
 w - a potion of cancellation
 z - a potion of degeneration {unknown}
 B - a potion of berserk rage {unknown}
 E - a potion of ambrosia {unknown}


   Skills:
 + Level 9.0 Fighting
 + Level 7.7 Dodging
 * Level 11.4 Unarmed Combat
 + Level 8.6 Invocations
 * Level 12.4 Shapeshifting


You had 10 spell levels left.
You knew the following spells:

 Your Spells              Type           Power      Damage    Failure   Level
a - Summon Small Mammal   Summ           0%         N/A       28%         1

Your spell library contained the following spells:

 Spells                   Type           Power      Damage    Failure   Level
 Freeze                   Ice            0%         1d3       28%         1
 Lesser Beckoning         Tloc           0%         N/A       41%         2
 Call Canine Familiar     Summ           0%         N/A       65%         3
 Frozen Ramparts          Ice            0%         1d1       65%         3
 Gell's Gravitas          Tloc           0%         N/A       65%         3
 Hailstorm                Conj/Ice       0%         3d3       65%         3
 Stone Arrow              Conj/Erth      0%         3d7       65%         3
 Summon Guardian Golem    Hex/Summ       0%         N/A       65%         3
 Teleport Other           Tloc           0%         N/A       65%         3
 Passage of Golubria      Tloc           0%         N/A       96%         4
 Silence                  Hex/Air        0%         N/A       100%        5
 Summon Forest            Summ/Tloc      0%         N/A       100%        5
 Summon Mana Viper        Hex/Summ       0%         N/A       100%        5
 Summon Cactus Giant      Summ           0%         N/A       100%        6
 Lehudib's Crystal Spear  Conj/Erth      0%         10d2      100%        8
 Animate Armour           Summ/Erth      Unusable   N/A       N/A         4

Dungeon Overview and Level Annotations

Branches:
Dungeon (12/15)            Temple (0/1) D:5            Lair (3/5) D:11
 Shoals (0/4) Lair:2        Snake (0/4) Lair:2        Sewer (visited)
    Orc: D:9-12

Altars:
Dithmenos
Elyvilon
Gozag
Qazlal
Ru
Sif Muna
Uskayaw
Vehumet
Yredelemnul
The Shining One

Shops:
D:6 *   D:8 [?([=

Annotations:
D:5 3 runed translucent doors, LobsterGuardian's ghost, novice HuNe
Lair:3 Rupert


Innate Abilities, Weirdness & Mutations

You are a tree.
Your roots penetrate the ground, keeping you stationary.
You cannot be teleported.
You are immune to unholy pain and torment.
Your maximum health is greatly increased.
Your equipment is partially melded.
((You can breathe blasts of noxious fumes.))
((Your lurid green scales are hard. (AC +8)))
You cannot fit into any form of body armour.
((Your system is resistant to poisons. (rPois)))
((You are cold-blooded and may be slowed by cold attacks.))


Message History

There are monsters nearby!
You punch Rupert! You bite Rupert!
Rupert is moderately wounded.
You hit Rupert but do no damage. Your punch misses Rupert.
Your bite misses Rupert.
Rupert is moderately wounded.
The dream sheep shake their wool and sparkle.
You feel drowsy...
You fall asleep.
Rupert hits you with a +2 great mace of protection!!!
You wake up.
Ouch! That really hurt!
You feel protected from physical attacks. 2 dream sheep come into view.
Found a shortbow.
The dream sheep bleats!
You block the dream sheep's attack.
The dream sheep is engulfed in a thunderstorm.
You kill the dream sheep!
Qazlal accepts your kill.
Your transformation has ended.
You turn into a tree.
Your roots penetrate the ground.
Rupert hits you but does no damage.
The dream sheep is engulfed in a thunderstorm.
You kill the dream sheep!
Qazlal accepts your kill.
Your Fighting skill increases to level 9!
You pummel Rupert!! You punch Rupert.
Rupert is severely wounded.
Rupert hits you but does no damage.
You smack Rupert!
Rupert is severely wounded.
Rupert roars madly and goes into a rage!
Rupert goes berserk!
The dream sheep are wreathed in dream dust.
You feel drowsy...
You fall asleep.
Rupert hits you but does no damage.
Rupert hits you with a +2 great mace of protection!!!!
Ouch! That really hurt!
You die...
Rupert roars with triumph.

## ### ##.#.## ###
##.#####
....#.##.###.##....
##...........#P....
###...##P.....#.....)
............###<.....
#.###......##.......
###..#.##().......
#♣#..#.#..........
#§§#@○?.............
...YYY.○......#........
.....Y##.......##..#....
...... ###.....##.......
###... ..#............
#.. .............#P ..)
.P#..##.....## ..
.........#


You could see Rupert (berserk) and 4 dream sheep.

Vanquished Creatures
  A hydra (D:11)
  Erolcha (D:9)
  Erica (D:8)
  2 two-headed ogres
  Pikel (D:5)
  2 ugly things
  A manticore (D:11)
  3 black mambas
  A gargoyle (D:11)
  8 cane toads
  5 komodo dragons
  2 rime drakes (Lair:2)
  2 trolls (D:11)
  A meliai (shapeshifter) (D:9)
  9 blink frogs
  Prince Ribbit (D:7)
  2 dream sheep (Lair:3)
  A ynoxinul (D:9)
  A shadow (D:12)
  25 yaks
  Eustachio (D:4)
  2 basilisks (Lair:2)
  2 vampires
  2 wraiths
  A chaos spawn (D:9)
  2 steam dragons
  4 vampire mosquitoes (D:11)
  Menkaure (D:6)
  An acid dragon (D:9)
  Edmund (D:5)
  A naga (Lair:2)
  5 water moccasins
  Duvessa (D:4)
  4 orc warriors
  Pargi (Sewer)
  A hornet zombie (D:7)
  2 ogres (D:6)
  6 wolves (Lair:2)
  13 centaurs
  2 lemures (D:5)
  3 bullfrogs
  2 kobold brigands
  Blork the orc (D:4)
  A scorpion (D:6)
  Dowan (D:4)
  4 killer bees (D:9)
  A vampire bat (D:3)
  2 howler monkeys (D:6)
  A quasit (D:9)
  3 bullfrog zombies (D:7)
  3 jellies (D:6)
  6 orc priests
  2 hounds (D:5)
  2 iguanas
  7 orc wizards
  2 killer bee zombies (D:7)
  A howler monkey zombie (D:7)
  11 adders
  A shadow imp (D:7)
  2 white imps
  An ufetubus (D:7)
  A worm (D:2)
  28 orcs
  11 bats
  9 endoplasms
  A giant cockroach (D:6)
  8 hobgoblins
  4 jackals
  4 quokkas
  6 ball pythons
  A frilled lizard (Sewer)
  9 goblins
  16 kobolds
  10 rats
288 creatures vanquished.

Vanquished Creatures (collateral kills)
  A catoblepas (Lair:1)
  A cane toad (Lair:1)
  A vampire (D:11)
3 creatures vanquished.

Grand Total: 291 creatures vanquished

Notes
Turn   | Place    | Note
-------+----------+-------------------------------------------
     0 | D:1      | DocEon the Draconian Shapeshifter began the quest for the
                  | Orb.
     0 | D:1      | Reached XP level 1. HP: 16/16 MP: 1/1
    82 | D:1      | Found a faded altar of an unknown god.
   246 | D:1      | Reached XP level 2. HP: 23/23 MP: 2/2
   656 | D:1      | Prayed at the altar of an unknown god.
   656 | D:1      | Became a worshipper of Qazlal Stormbringer
   656 | D:1      | Reached * piety under Qazlal
   812 | D:2      | Reached skill level 4 in Shapeshifting
   944 | D:2      | Reached XP level 3. HP: 28/28 MP: 3/3
  1376 | D:3      | Found a radiant altar of Vehumet.
  1525 | D:3      | Reached ** piety under Qazlal
  1530 | D:3      | Reached XP level 4. HP: 34/35 MP: 4/4
  1537 | D:3      | Reached skill level 5 in Shapeshifting
  1829 | D:3      | Reached XP level 5. HP: 40/40 MP: 5/5
  2145 | D:4      | Noticed Duvessa
  2147 | D:4      | Noticed Dowan
  2241 | D:4      | Killed Duvessa
  2242 | D:4      | Reached skill level 6 in Shapeshifting
  2264 | D:3      | Reached XP level 6. HP: 16/47 MP: 6/6
  2775 | D:4      | Noticed Eustachio
  2797 | D:4      | Killed Eustachio
  2798 | D:4      | Reached skill level 7 in Shapeshifting
  2918 | D:4      | Killed Dowan
  3081 | D:4      | Your scales start taking on a lurid green colour.
  3081 | D:4      | Reached XP level 7. HP: 52/52 MP: 7/7
  3081 | D:4      | Gained mutation: Your system is resistant to poisons.
                  | (rPois) [Green Draconian growth]
  3559 | D:4      | Noticed Blork the orc
  3566 | D:4      | Killed Blork the orc
  3567 | D:4      | Reached skill level 1 in Invocations
  3589 | D:4      | Found a sacrificial altar of Ru.
  3721 | D:5      | Entered Level 5 of the Dungeon
  3721 | D:5      | Noticed Edmund
  3721 | D:5      | Noticed Pikel
  3922 | D:5      | Found a runed translucent gate.
  3922 | D:5      | Found an opulent altar of Gozag.
  3923 | D:5      | Found a runed translucent gate.
  3923 | D:5      | Found a runed translucent gate.
  3925 | D:5      | Noticed LobsterGuardian's ghost (novice HuNe)
  3925 | D:5      | Noticed a shadow
  3941 | D:5      | Found a staircase to the Ecumenical Temple.
  3981 | D:5      | Killed Edmund
  4768 | D:5      | Found a shimmering blue altar of Sif Muna.
  4897 | D:5      | Killed Pikel
  4898 | D:5      | Reached XP level 8. HP: 22/63 MP: 8/10
  5161 | D:6      | Reached skill level 8 in Shapeshifting
  5318 | D:6      | Found a glowing drain.
  5336 | D:6      | Reached *** piety under Qazlal
  5357 | D:6      | Noticed Menkaure
  5365 | D:6      | Killed Menkaure
  5366 | D:6      | Reached skill level 5 in Unarmed Combat
  5425 | Sewer    | Entered a sewer
  5513 | Sewer    | Noticed Pargi
  5520 | Sewer    | Killed Pargi
  6048 | D:6      | Found Anir Iff's General Store.
  6051 | D:6      | Bought a scroll of identify for 20 gold pieces
  6155 | D:6      | Reached XP level 9. HP: 69/71 MP: 11/11
  6665 | D:7      | Noticed Prince Ribbit
  6711 | D:7      | Killed Prince Ribbit
  6830 | D:7      | Reached **** piety under Qazlal
  6949 | D:7      | Found a glowing golden altar of the Shining One.
  7011 | D:7      | Found a basalt altar of Yredelemnul.
  7226 | D:7      | Learned a level 1 spell: Summon Small Mammal
  7227 | D:7      | Identified a scroll of acquirement
  7227 | D:7      | Acquired the ring of Modell {rC++ Will+ Slay+2}
  7352 | D:8      | Found a shadowy altar of Dithmenos.
  7412 | D:8      | Found Alutrek's Antique Armour Shoppe.
  7454 | D:8      | Reached skill level 9 in Shapeshifting
  7547 | D:8      | Found a white marble altar of Elyvilon.
  7559 | D:8      | Found a hide-covered altar of Uskayaw.
  7566 | D:8      | Reached skill level 5 in Fighting
  7650 | D:8      | Found Vupan's Jewellery Shop.
  7730 | D:8      | Noticed Erica
  7739 | D:8      | Killed Erica
  7740 | D:8      | Reached skill level 5 in Invocations
  7740 | D:8      | Reached XP level 10. HP: 81/81 MP: 13/13
  7747 | D:8      | Noticed a +0 giant club
  7749 | D:8      | Found Voigof's Weapon Shoppe.
  7755 | D:8      | Noticed a +0 demon trident
  7833 | D:8      | Found Nuixemam's Magic Scroll Shop.
  7842 | D:8      | Bought a scroll of identify for 32 gold pieces
  7842 | D:8      | Bought a scroll of poison for 64 gold pieces
  7866 | D:8      | Found Fyeguhydd's Armour Boutique.
  8297 | D:9      | Noticed Erolcha
  8305 | D:9      | Killed Erolcha
  8306 | D:9      | Reached skill level 5 in Dodging
  8512 | D:9      | Reached skill level 10 in Shapeshifting
  8710 | D:9      | Noticed a two-headed ogre
  8728 | D:9      | Killed a two-headed ogre
  9174 | D:10     | Entered Level 10 of the Dungeon
  9174 | D:10     | Noticed a smoke demon
  9540 | D:10     | You fall into a shaft and drop 2 floors!
  9553 | D:12     | Noticed a purple ugly thing
  9590 | D:12     | Killed a purple ugly thing
  9591 | D:12     | Reached XP level 11. HP: 85/91 MP: 15/15
  9783 | D:12     | Found a sacrificial altar of Ru.
  9807 | D:12     | Noticed a two-headed ogre
  9810 | D:12     | Reached ***** piety under Qazlal
  9822 | D:11     | Killed a two-headed ogre
 10179 | D:11     | Reached skill level 11 in Shapeshifting
 10472 | D:11     | Noticed a green ugly thing
 10478 | D:11     | Killed a green ugly thing
 10492 | D:11     | Noticed a four-headed hydra
 10503 | D:11     | Killed a four-headed hydra
 10751 | D:11     | Found a staircase to the Lair.
 11138 | Lair:1   | Entered Level 1 of the Lair of Beasts
 11151 | Lair:1   | Reached skill level 10 in Unarmed Combat
 11314 | Lair:1   | You fall into a shaft and drop 1 floor!
 11319 | Lair:2   | Reached XP level 12. HP: 99/101 MP: 17/17
 11765 | Lair:2   | Found a staircase to the Snake Pit.
 11901 | Lair:2   | Found a staircase to the Shoals.
 12438 | Lair:1   | Reached skill level 12 in Shapeshifting
 12642 | Lair:1   | Noticed a catoblepas
 12684 | Lair:1   | Killed a catoblepas
 13705 | Lair:3   | Noticed Rupert
 13715 | Lair:3   | Annihilated by Rupert

Illustrated notes

Levels and vault maps discovered:
D:1:      shiori_arrival_oz, layout_rooms, shapermc_ecumenical_altar_acropolis,
          minmay_misc_feat_iff
D:2:      layout_basic, minmay_randomly_rotated_circles
D:3:      layout_loops_ring, fiery_altar_vehumet, roderic_roman_lattice,
          roderic_batcave
D:4:      layout_loops_corners, mainiacjoe_overflow_brackets, minivault_25,
          kennysheep_big_empty_room, uniq_duvessa, uniq_eustachio,
          uniq_blork_the_orc
D:5:      layout_loops_ring, lemuel_blue_sif_altar,
          minmay_temple_entry_junction_2, ebering_ghost_gozag, uniq_edmund,
          uniq_pikel
D:6:      layout_loops_corners, gup_sewer_entry_glass, serial_shops,
          nicolae_shop_tiny_real_fake_doors, uniq_menkaure
D:7:      layout_rooms, nicolae_yredelemnul_corpse_copse,
          overflow_temple_1_default, feat_on_display, uniq_prince_ribbit1
D:8:      layout_cave_pods, grunt_temple_overflow_open,
          nicolae_dithmenos_through_a_glass_darkly, serial_shops,
          nicolae_shop_window_shopping, nicolae_shop_trees,
          nicolae_shop_mannequins, nicolae_stop_n_shop_2, shop, uniq_erica
D:9:      layout_cave_pools, grunt_ministairs_6, uniq_erolcha
D:10:     layout_roguey, serial_demonic, serial_demonic_e, serial_demonic_d,
          serial_demonic_g, serial_demonic_f, serial_demonic_f, uniq_sonja,
          uniq_joseph
D:11:     layout_loops_corners, lair_entry_dummy
D:12:     hangedman_arrow_trap, layout_cave_pools, orc_0_dummy,
          hangedman_ru_absence
Lair:1:   layout_cellular_growth, serial_bayou_shore_a, grunt_megastairs_3
Lair:2:   layout_chaotic_city, minmay_shoals_entry_centaurs,
          minmay_snake_entry_guardpost_small
Lair:3:   layout_loops_ring, grunt_forest_stairs_clearing, uniq_rupert

Skill      XL: |  1  2  3  4  5  6  7  8  9 10 11 12 |
---------------+-------------------------------------+-----
Shapeshifting  | 4 5 6 7 8 9 10 11 12 | 12.4
Dodging        | 2 3 4 5 6 7 |  7.7
Invocations    | 2 3 5 6 7 8 |  8.6
Fighting       | 3 4 5 6 7 9 |  9.0
Unarmed Combat | 4 5 7 8 10 11 | 11.4

Action                     |  1- 3 |  4- 6 |  7- 9 | 10-12 || total
---------------------------+-------+-------+-------+-------++-------
  Melee: Unarmed           |   126 |   129 |   286 |   465 ||  1006
         Tailslap          |    20 |    17 |    53 |    76 ||   166
         Punch             |     3 |       |    18 |    33 ||    54
         Maw               |       |       |       |   106 ||   106
  Throw: Dart              |       |    10 |       |       ||    10
 Invoke: Elemental Force   |       |       |       |     3 ||     3
         Upheaval          |       |       |       |     1 ||     1
Ability: Breathe Noxious F |       |       |    17 |    10 ||    27
  Evoke: Wand              |       |       |     4 |     9 ||    13
    Use: Potion            |       |     4 |       |     6 ||    10
         Scroll            |       |       |    15 |     7 ||    22
   Stab: Confused          |       |       |    13 |     3 ||    16
 Armour: Skin              |    58 |    88 |   116 |   226 ||   488
  Dodge: Dodged            |    86 |    65 |   194 |   347 ||   692
         Repelled          |       |       |       |     9 ||     9
  Block: Other             |     4 |     8 |    33 |   135 ||   180
   Form: Maw               |       |       |       |     1 ||     1

Table legend: (Time is in decaauts)
 A = Elapsed time spent in this place.
 B = Non-inter-level travel time spent in this place.
 C = Inter-level travel time spent in this place.
 D = Time resting spent in this place.
 E = Time spent auto-exploring this place.
 F = Levels seen in this place.
 G = Mean time per level.
                   A        B        C        D        E       F      G
               +--------+--------+--------+--------+--------+-----+--------+
         Total |  13627 |  13052 |    575 |   2975 |   7833 |  16 |  851.7 |
       Dungeon |  10922 |  10423 |    499 |   2392 |   6203 |  12 |  910.2 |
          Lair |   2550 |   2474 |     76 |    570 |   1524 |   3 |  850.0 |
         Sewer |    155 |    155 |      0 |     13 |    105 |   1 |  155.0 |
               +--------+--------+--------+--------+--------+-----+--------+

Top non-repeatable levels by time:
     D:6: 1441 daAuts
     D:4: 1394 daAuts
    D:11: 1306 daAuts
     D:5: 1267 daAuts
  Lair:2: 1207 daAuts
  Lair:1: 1168 daAuts
     D:3: 1118 daAuts
     D:9: 1116 daAuts
     D:8: 1016 daAuts
     D:1: 716 daAuts
     D:2: 642 daAuts
     D:7: 595 daAuts
    D:12: 264 daAuts
  Lair:3: 173 daAuts
   Sewer: 155 daAuts
